% Time on Ice - SEATTLE GRUNGE
Lines # - Real PCT - Wanted PCT - Time Play
Normal Forward
1 - 35% - 37% - 18:43
2 - 30% - 34% - 16:11
3 - 23% - 23% - 12:23
4 - 13% - 6% - 6:46
Normal Defense
1 - 35% - 40% - 19:01
2 - 35% - 39% - 18:53
3 - 28% - 21% - 15:18
4 - 2% - 0% - 0:51
PP Forward
1 - 54% - 55% - 2:09
2 - 46% - 45% - 1:49
PP Defense
1 - 52% - 55% - 2:04
2 - 48% - 45% - 1:54
PK Forward
1 - 55% - 55% - 1:06
2 - 45% - 45% - 0:53
PK Defense
1 - 53% - 55% - 1:03
2 - 47% - 45% - 0:56
PK3 Forward
1 - 0% - 55%
2 - 0% - 45%
PK3 Defense
1 - 0% - 55%
2 - 0% - 45%
44 Forward
1 - 51% - 55% - 1:01
2 - 49% - 45% - 0:58
44 Defense
1 - 51% - 55% - 1:01
2 - 49% - 45% - 0:58
Last Minute Offensive  - 0:00
Last Minute Defensive  - 0:00
Total
Forward - 61:59
Defense - 61:59
% Time on Ice - KANSAS CITY KILLERBEES
Lines # - Real PCT - Wanted PCT - Time Play
Normal Forward
1 - 34% - 36% - 18:03
2 - 33% - 34% - 17:30
3 - 22% - 23% - 11:47
4 - 12% - 7% - 6:19
Normal Defense
1 - 36% - 36% - 19:12
2 - 35% - 35% - 18:33
3 - 29% - 28% - 15:31
4 - 1% - 1% - 0:23
PP Forward
1 - 44% - 55% - 0:52
2 - 56% - 45% - 1:07
PP Defense
1 - 56% - 50% - 1:07
2 - 44% - 50% - 0:52
PK Forward
1 - 53% - 55% - 2:07
2 - 47% - 45% - 1:51
PK Defense
1 - 63% - 50% - 2:31
2 - 37% - 50% - 1:27
PK3 Forward
1 - 69% - 55% - 1:22
2 - 31% - 45% - 0:37
PK3 Defense
1 - 44% - 50% - 0:52
2 - 56% - 50% - 1:07
44 Forward
1 - 0% - 55%
2 - 0% - 45%
44 Defense
1 - 0% - 50%
2 - 0% - 50%
Last Minute Offensive  - 0:24
Last Minute Defensive  - 0:00
Total
Forward - 61:59
Defense - 61:59
Play-by-Play 1st period 0:01 of 1st period - Sean Couturier wins face-off versus Tyler Seguin in neutral zone. 0:15 of 1st period - Minor Penalty to Vladislav Namestnikov for Holding. 0:16 of 1st period - Nick Schmaltz wins face-off versus Morgan Geekie in SEATTLE GRUNGE zone. 0:36 of 1st period - Icing by Cam Fowler. 0:37 of 1st period - Morgan Geekie wins face-off versus Nick Schmaltz in KANSAS CITY KILLERBEES zone. 0:43 of 1st period - Icing by Colin Miller. 0:44 of 1st period - Morgan Geekie wins face-off versus Tyler Ennis in KANSAS CITY KILLERBEES zone. 0:49 of 1st period - Shot by Morgan Geekie. 0:49 of 1st period - Shot Misses the Net. 2:24 of 1st period - Shot by Nicholas Ritchie. 2:24 of 1st period - Shot Blocked by Vladislav Namestnikov. 2:38 of 1st period - Shot by Mike Hoffman. 2:38 of 1st period - Stopped by John Gibson with a rebound. 2:47 of 1st period - Tyler Seguin is hit by Cam Fowler and loses puck. 4:07 of 1st period - Shot by Tyler Ennis. 4:07 of 1st period - Shot Misses the Net. 4:17 of 1st period - Oscar Fantenberg is hit by Morgan Geekie and loses puck. 4:55 of 1st period - Sean Couturier is hit by Slater Koekkoek. 5:04 of 1st period - Mark Stone is hit by Slater Koekkoek and loses puck. 6:18 of 1st period - Ryan Reaves is hit by Oskar Sundqvist and loses puck. 6:33 of 1st period - Shot by Josh Archibald. 6:33 of 1st period - Stopped by Semyon Varlamov with a rebound. 6:35 of 1st period - Shot by Nicholas Ritchie. 6:35 of 1st period - Shot Misses the Net. 6:45 of 1st period - Shot by Josh Archibald. 6:45 of 1st period - Stopped by Semyon Varlamov without a rebound. 6:46 of 1st period - Chris Tierney wins face-off versus Nick Schmaltz in SEATTLE GRUNGE zone. 6:55 of 1st period - Shot by Chris Tierney. 6:55 of 1st period - Shot Misses the Net. 7:01 of 1st period - Shot by Tyler Ennis. 7:01 of 1st period - Stopped by Semyon Varlamov without a rebound. 7:02 of 1st period - Tyler Seguin wins face-off versus Sean Couturier in SEATTLE GRUNGE zone. 7:02 of 1st period - Tyler Seguin is hit by Sean Couturier. 7:05 of 1st period - Icing by Vladislav Namestnikov. 7:06 of 1st period - Sean Couturier wins face-off versus Tyler Seguin in SEATTLE GRUNGE zone. 7:07 of 1st period - Shot by Mark Stone. 7:07 of 1st period - Stopped by Semyon Varlamov without a rebound. 7:08 of 1st period - Sean Couturier wins face-off versus Tyler Seguin in SEATTLE GRUNGE zone. 7:38 of 1st period - Sean Couturier is hit by David Savard. 8:14 of 1st period - Shot by Zach Parise. 8:14 of 1st period - Stopped by Semyon Varlamov without a rebound. 8:15 of 1st period - Paul Stastny wins face-off versus Chris Tierney in SEATTLE GRUNGE zone. 8:15 of 1st period - Josh Archibald is hit by Travis Sanheim and loses puck. 8:42 of 1st period - Shot by Nicholas Ritchie. 8:42 of 1st period - Shot Misses the Net. 9:42 of 1st period - Shot by Zach Parise. 9:42 of 1st period - Shot Misses the Net. 9:48 of 1st period - Shot by Tyler Ennis. 9:48 of 1st period - Shot Blocked by Roman Josi. 10:13 of 1st period - Mike Hoffman is hit by Colin Miller and loses puck. 10:24 of 1st period - Mike Hoffman is hit by Colin Miller and loses puck. 10:35 of 1st period - Shot by Mike Hoffman. 10:35 of 1st period - Shot Misses the Net. 11:31 of 1st period - Shot by Trevor Lewis. 11:31 of 1st period - Stopped by John Gibson without a rebound. 11:32 of 1st period - Josh Bailey wins face-off versus Nick Schmaltz in KANSAS CITY KILLERBEES zone. 11:32 of 1st period - Chris Tierney is hit by Adam Larsson and loses puck. 12:01 of 1st period - Shot by Josh Bailey. 12:01 of 1st period - Shot Blocked by Adam Larsson. 12:07 of 1st period - Shot by Josh Bailey. 12:07 of 1st period - Shot Blocked by Nick Schmaltz. 12:09 of 1st period - Shot by Chris Tierney. 12:09 of 1st period - Stopped by John Gibson without a rebound. 12:10 of 1st period - Sean Couturier wins face-off versus Morgan Geekie in KANSAS CITY KILLERBEES zone. 12:30 of 1st period - Icing by Carl Hagelin. 12:31 of 1st period - Paul Stastny wins face-off versus Morgan Geekie in SEATTLE GRUNGE zone. 12:57 of 1st period - Oscar Fantenberg is hit by Morgan Geekie and loses puck. 13:27 of 1st period - Shot by Vladislav Namestnikov. 13:27 of 1st period - Stopped by John Gibson without a rebound. 13:28 of 1st period - Chris Tierney wins face-off versus Sean Couturier in KANSAS CITY KILLERBEES zone. 13:47 of 1st period - Shot by Zach Hyman. 13:47 of 1st period - Shot Misses the Net. 14:02 of 1st period - Icing by Jacob Muzzin. 14:03 of 1st period - Tyler Seguin wins face-off versus Sean Couturier in KANSAS CITY KILLERBEES zone. 14:10 of 1st period - Shot by Mike Hoffman. 14:10 of 1st period - Stopped by John Gibson without a rebound. 14:11 of 1st period - Tyler Seguin wins face-off versus Nick Schmaltz in KANSAS CITY KILLERBEES zone. 14:18 of 1st period - Shot by Tyler Seguin. 14:18 of 1st period - Stopped by John Gibson with a rebound. 14:54 of 1st period - Shot by Nick Schmaltz. 14:54 of 1st period - Stopped by Semyon Varlamov without a rebound. 14:55 of 1st period - Chris Tierney wins face-off versus Sean Couturier in SEATTLE GRUNGE zone. 14:59 of 1st period - Chris Tierney is hit by Sean Couturier and loses puck. 15:22 of 1st period - Shot by Sean Couturier. 15:22 of 1st period - Stopped by Semyon Varlamov without a rebound. 15:23 of 1st period - Paul Stastny wins face-off versus Morgan Geekie in SEATTLE GRUNGE zone. 15:36 of 1st period - Slater Koekkoek is hit by Josh Archibald. 15:44 of 1st period - Shot by Paul Stastny. 15:44 of 1st period - Shot Blocked by Matthew Grzelcyk. 15:46 of 1st period - Shot by Josh Archibald. 15:46 of 1st period - Shot Misses the Net. 15:48 of 1st period - Shot by Nicholas Ritchie. 15:48 of 1st period - Shot Misses the Net. 15:50 of 1st period - Shot by Nicholas Ritchie. 15:50 of 1st period - Stopped by Semyon Varlamov without a rebound. 15:51 of 1st period - Nick Schmaltz wins face-off versus Tyler Seguin in SEATTLE GRUNGE zone. 16:20 of 1st period - Shot by Vladislav Namestnikov. 16:20 of 1st period - Stopped by John Gibson without a rebound. 16:21 of 1st period - Chris Tierney wins face-off versus Sean Couturier in KANSAS CITY KILLERBEES zone. 16:29 of 1st period - Josh Bailey is hit by Justin Holl and loses puck. 16:33 of 1st period - Wayne Simmonds is hit by Justin Holl and loses puck. 16:49 of 1st period - Icing by Sean Couturier. 16:50 of 1st period - Tyler Seguin wins face-off versus Sean Couturier in KANSAS CITY KILLERBEES zone. 17:09 of 1st period - Shot by Sean Couturier. 17:09 of 1st period - Stopped by Semyon Varlamov without a rebound. 17:10 of 1st period - Morgan Geekie wins face-off versus Nick Schmaltz in SEATTLE GRUNGE zone. 17:15 of 1st period - Roman Josi is hit by Tyler Ennis and loses puck. 17:20 of 1st period - Shot by Zach Parise. 17:20 of 1st period - Shot Misses the Net. 17:39 of 1st period - Icing by Tyler Ennis. 17:40 of 1st period - Nick Schmaltz wins face-off versus Chris Tierney in KANSAS CITY KILLERBEES zone. 17:40 of 1st period - Nick Schmaltz is hit by Wayne Simmonds. 18:25 of 1st period - Shot by Josh Bailey. 18:25 of 1st period - Shot Misses the Net. 18:38 of 1st period - Icing by Tyler Seguin. 18:39 of 1st p